 Dungeon Crawl Stone Soup version 0.32-a0-391-gce5c0aab1b (webtiles) character file.

Game seed: 7275096603840076556

4974 zenocrate the Covert (level 10, 0/73 HPs)
             Began as an Octopode Delver on Feb 19, 2024.
             Was an Initiate of Gozag.
             Slain by a kobold
             ... wielding a +1 short sword of speed
              (6 damage)
             ... on level 9 of the Dungeon.
             The game lasted 00:11:28 (5854 turns).

zenocrate the Covert (Octopode Delver)              Turns: 5854, Time: 00:11:29

Health: 0/73       AC:  1    Str: 15    XL:     10   Next: 53%
Magic:  10/10      EV: 15    Int: 14    God:    Gozag
Gold:   261        SH:  4    Dex: 13    Spells: 9/9 levels left

rFire   . .          .
                       - Unarmed
rCold   . . .        (no shield)
rNeg    . . .        (helmet restricted)
rPois   .            h - amulet of regeneration
rElec   .            f - ring of see invisible
rCorr   .            n - ring of willpower
SInv    +            (no ring)
Will    +....        (no ring)
Stlth   +++++        (no ring)
HPRegen 1.12/turn    (no ring)
MPRegen 0.12/turn    (no ring)
                     (no ring)

%: no passive effects
@: gold aura
A: almost no armour, amphibious, 8 rings, camouflage 1, gelatinous body 1,
(nimble swimmer 1), tentacles, fangs 1, large bone plates 1, see invisible
a: Renounce Religion, Potion Petition, Call Merchant, Bribe Branch


You were on level 9 of the Dungeon.
You worshipped Gozag.
Gozag was aware of your devotion.
You visited 2 branches of the dungeon, and saw 10 of its levels.
You also visited: Sewer.

You collected 1165 gold pieces.
You paid 904 gold pieces to Gozag.

Inventory:

Missiles
 k - 6 atropa-tipped darts
 m - 3 curare-tipped darts
 t - 19 poisoned darts (quivered)
 y - 2 boomerangs
Jewellery
 f - a ring of see invisible (left tentacle)
 h - an amulet of regeneration (around mantle)
 n - a ring of willpower (right tentacle)
 u - a ring of ice
Talismans
 B - a dragon-blood talisman
Wands
 d - a wand of polymorph (10)
 e - a wand of digging (2)
 p - a wand of charming (8)
 z - a wand of flame (29)
 D - a wand of roots (10)
Scrolls
 a - a scroll of fog
 g - 2 scrolls of teleportation
 i - a scroll of vulnerability {unknown}
 l - 4 scrolls of immolation
 o - 2 scrolls of silence
 r - 2 scrolls of poison
 s - a scroll of noise
 v - a scroll of amnesia {unknown}
Potions
 b - 4 potions of enlightenment
 c - 8 potions of curing
 j - a potion of might
 x - a potion of brilliance


   Skills:
 + Level 8.5 Fighting
 + Level 5.1 Dodging
 + Level 9.5 Stealth
 + Level 8.3 Unarmed Combat
 + Level 4.8 Evocations
 + Level 5.5 Shapeshifting


You had 9 spell levels left.
You didn't know any spells.
Your spell library contained the following spells:

 Spells                   Type           Power      Damage    Failure   Level
 Call Canine Familiar     Summ           0%         N/A       65%         3
 Sigil of Binding         Hex            0%         N/A       65%         3
 Dimensional Bullseye     Hex/Tloc       0%         N/A       96%         4


Dungeon Overview and Level Annotations

Branches:
Dungeon (9/15)             Temple (1/1) D:4           Sewer (visited)
   Lair: D:8-11         Orc: D:9-12

Altars:
Ashenzari
Cheibriados
Dithmenos
Elyvilon
Fedhas
Gozag
Hepliaklqana
Kikubaaqudgha
Makhleb
Nemelex Xobeh
Okawaru
Qazlal
Sif Muna
Uskayaw
Vehumet
Wu Jian
Xom
Yredelemnul
Zin

Annotations:
D:5 Blork the orc
D:7 2 transporters, AutarchDCSS's ghost, journeyman CoGl


Innate Abilities, Weirdness & Mutations

You cannot wear most types of armour.
You are amphibious.
You can wear up to eight rings at the same time.
Your skin changes colour to match your surroundings (Stealth+).
Your rubbery body absorbs attacks. (AC +1, EV +1)
((You are camouflaged when in or above water. (Stealth+)))
You have tentacles for arms and can constrict up to eight enemies at once.
You have very sharp teeth.
You are partially covered in large bone plates. (SH +4)
You have supernaturally acute eyesight. (SInv)


Message History

The kobold brigand hits you with a +0 dagger.
You bludgeon the kobold brigand!
The kobold brigand is severely wounded.
You constrict the kobold brigand. The kobold barely misses you.
The kobold brigand hits you with a +0 dagger.
You block the kobold's attack. The troll bites you. The troll claws you.
The troll misses you. The kobold misses you.
You bludgeon the kobold brigand!
You kill the kobold brigand!
The kobold hits you with a +0 short sword.
The troll bites you! The troll claws you! The troll claws you.
The kobold is distracted by your dazzling golden aura.
The kobold shouts!
Unknown command.
Okay, then.
Okay, then.
You bludgeon the troll! Your bite misses the troll. You squeeze the troll.
The troll is moderately wounded.
You block the kobold's attack. The troll bites you! The troll claws you!
The troll claws you.
* * * LOW HITPOINT WARNING * * *
Unknown command.
Unknown command.
Okay, then.
Okay, then.
It was a potion of heal wounds.
You feel much better.
The kobold is no longer distracted by gold.
The kobold hits you with a +0 short sword.
The troll bites you! The troll claws you!
* * * LOW HITPOINT WARNING * * *
The troll claws you!
* * * LOW HITPOINT WARNING * * *
You block the kobold's attack.
Okay, then.
As you read the scroll labelled NIERICROPE, it crumbles to dust.
You hear a loud clanging noise!
It was a scroll of noise.
The kobold hits you with a +1 short sword of speed.
You die...
Your body crumbles into a pile of gold.

#.# #.# #.#
########'######+####
#......)..##.......#
#........)##.......#
#.....(...##.....$[+
#.........#....K...#
#.............@K...#
#.........##..$T...#
#.........##.......#
#.........##########
#...>.....#
###########


You could see a troll and 2 kobolds.

Vanquished Creatures
  A two-headed ogre (D:7)
  Maurice (D:7)
  Prince Ribbit (D:5)
  A wyvern (D:9)
  Eustachio (D:5)
  A steam dragon (D:8)
  Duvessa (D:7)
  3 water moccasins
  An ice beast (D:6)
  3 black bears
  A tengu (D:9)
  3 centaurs
  2 phantoms (D:5)
  3 kobold brigands
  A bullfrog (D:6)
  12 wights
  Dowan (D:7)
  6 killer bees (D:7)
  A howler monkey (D:6)
  7 orc priests
  2 jellies
  2 bombardier beetles (D:5)
  A hound (D:4)
  3 iguanas
  6 orc wizards
  3 gnolls (D:4)
  4 adders
  2 river rats (Sewer)
  2 dart slugs
  6 ribbon worms
  18 orcs
  5 ball pythons
  7 endoplasms
  5 giant cockroaches
  6 goblins
  4 hobgoblins
  10 jackals
  9 kobolds
  5 quokkas
  3 bats
  5 frilled lizards
  6 rats
165 creatures vanquished.

Notes
Turn   | Place    | Note
-------+----------+-------------------------------------------
     0 | D:5      | zenocrate the Octopode Delver began the quest for the Orb.
     0 | D:5      | Reached XP level 1. HP: 16/16 MP: 1/1
    16 | D:5      | Noticed Blork the orc
    57 | D:4      | Noticed a water moccasin
    60 | D:4      | Noticed a hound
   135 | D:2      | Reached XP level 2. HP: 21/21 MP: 2/2
   392 | D:1      | Reached XP level 3. HP: 24/26 MP: 3/3
   957 | D:2      | Reached XP level 4. HP: 33/33 MP: 4/4
  1225 | D:3      | Noticed a water moccasin
  1243 | D:3      | Killed a water moccasin
  1244 | D:3      | Reached XP level 5. HP: 10/38 MP: 5/5
  1390 | D:3      | Found a glowing silver altar of Zin.
  1533 | D:3      | Found a sparkling altar of Nemelex Xobeh.
  1670 | D:4      | Found a staircase to the Ecumenical Temple.
  1683 | D:4      | Reached XP level 6. HP: 25/45 MP: 6/6
  1690 | D:4      | Reached skill level 5 in Fighting
  1694 | Temple   | Entered the Ecumenical Temple
  1739 | Temple   | Became a worshipper of Gozag Ym Sagoz the Greedy
  1920 | D:4      | Reached skill level 5 in Unarmed Combat
  1941 | D:4      | Killed a water moccasin
  2040 | D:4      | Reached XP level 7. HP: 50/50 MP: 7/7
  2177 | D:4      | Reached skill level 1 in Shapeshifting
  2419 | D:5      | Found a hazy altar of Hepliaklqana.
  2420 | D:5      | Found a hide-covered altar of Uskayaw.
  2467 | D:5      | Noticed Prince Ribbit
  2493 | D:5      | Killed Prince Ribbit
  2494 | D:5      | Reached XP level 8. HP: 29/58 MP: 8/8
  2583 | D:5      | Noticed Eustachio
  2596 | D:5      | Killed Eustachio
  2808 | D:5      | Found an iron altar of Okawaru.
  3092 | D:6      | Reached skill level 1 in Evocations
  3110 | D:6      | Found a glowing drain.
  3122 | Sewer    | Entered a sewer
  3209 | Sewer    | Reached skill level 7 in Stealth
  3217 | Sewer    | Reached XP level 9. HP: 27/64 MP: 9/9
  3271 | Sewer    | Found a white marble altar of Elyvilon.
  3676 | D:6      | Found a snail-covered altar of Cheibriados.
  3963 | D:7      | Noticed a two-headed ogre
  4018 | D:7      | Killed a two-headed ogre
  4019 | D:7      | Reached skill level 8 in Stealth
  4266 | D:7      | Noticed Duvessa
  4266 | D:7      | Noticed Dowan
  4278 | D:7      | Killed Duvessa
  4281 | D:7      | Killed Dowan
  4282 | D:7      | Reached skill level 5 in Shapeshifting
  4282 | D:7      | Reached XP level 10. HP: 34/72 MP: 10/10
  4342 | D:7      | Noticed Maurice
  4345 | D:7      | Maurice stole 2 boomerangs
  4349 | D:7      | Maurice stole 251 gold
  4350 | D:7      | Maurice stole a ring of ice
  4354 | D:7      | Maurice stole a dragon-blood talisman
  4360 | D:7      | Killed Maurice
  4494 | D:7      | Found a transporter.
  4503 | D:7      | Noticed a moth of wrath
  4504 | D:7      | Noticed a five-headed hydra
  4504 | D:7      | Noticed AutarchDCSS's ghost (journeyman CoGl)
  4518 | D:7      | Found a transporter.
  4680 | D:8      | Reached skill level 9 in Stealth
  4985 | D:8      | Found a blossoming altar of Fedhas.
  5085 | D:8      | Found a basalt altar of Yredelemnul.
  5613 | D:8      | Gained mutation: You are partially covered in iridescent
                  | scales. (AC +2) [potion of mutation]
  5613 | D:8      | Gained mutation: You are frail. (-10% HP) [potion of
                  | mutation]
  5613 | D:8      | Gained mutation: Your natural rate of healing is unusually
                  | fast. [potion of mutation]
  5614 | D:8      | Lost mutation: Your natural rate of healing is unusually
                  | fast. [potion of mutation]
  5614 | D:8      | Lost mutation: You are partially covered in iridescent
                  | scales. (AC +2) [potion of mutation]
  5614 | D:8      | Lost mutation: You are frail. (-10% HP) [potion of
                  | mutation]
  5614 | D:8      | Gained mutation: You have very sharp teeth. [potion of
                  | mutation]
  5614 | D:8      | Gained mutation: You have supernaturally acute eyesight.
                  | (SInv) [potion of mutation]
  5614 | D:8      | Gained mutation: You are partially covered in large bone
                  | plates. (SH +4) [potion of mutation]
  5749 | D:9      | Reached skill level 5 in Dodging
  5854 | D:9      | Slain by a kobold

Illustrated notes

Levels and vault maps discovered:
D:1:      dpeg_arrival_boxes_within_box, layout_rooms, corexii_hall_statues_i
D:2:      layout_rooms
D:3:      layout_rooms, nemelex_diamond_rough_becter,
          mainiacjoe_overflow_alcove_1
D:4:      layout_rooms, minmay_temple_entry_arrows, nicolae_wormholes
D:5:      layout_rooms, mainiacjoe_overflow_surrounded_room,
          nicolae_overflow_two_pavilions, uniq_blork_the_orc, uniq_eustachio,
          uniq_prince_ribbit1
D:6:      layout_cave_pools, cheibriados_altar_1,
          mainiacjoe_sewer_entry_somewhere_in_here_1, grunt_ministairs_14,
          due_unseen_surprise
D:7:      layout_rooms, gammafunk_ghost_berserking_beasts,
          chequers_serial_rivers_small_3, uniq_maurice, uniq_duvessa
D:8:      layout_cave_pods, fedhas_altar_4, mainiacjoe_overflow_tiny_flanked,
          nicolae_two_hexagons
D:9:      layout_roguey, erik_orc_3, serial_shops, shop
Temple:   grunt_temple_mini_profane

Skill      XL: |  1  2  3  4  5  6  7  8  9 10 |
---------------+-------------------------------+-----
Unarmed Combat | 3 4 5 6 7 8 |  8.3
Fighting       | 4 5 6 7 8 |  8.5
Shapeshifting  | 2 4 5 |  5.5
Evocations     | 1 3 4 |  4.8
Stealth        | 7 8 9 |  9.5
Dodging        | 4 5 |  5.1

Action                     |  1- 3 |  4- 6 |  7- 9 | 10-12 || total
---------------------------+-------+-------+-------+-------++-------
  Melee: Unarmed           |    67 |    81 |   269 |   105 ||   522
         Tentacles         |    16 |    18 |    83 |    26 ||   143
         Constrict         |    18 |    26 |    52 |    20 ||   116
         Punch             |       |     2 |     9 |     5 ||    16
         Bite              |       |       |       |     2 ||     2
  Throw: Dart              |       |       |     1 |     1 ||     2
 Invoke: Potion Petition   |       |       |       |     1 ||     1
  Evoke: Wand              |       |       |     1 |     2 ||     3
    Use: Scroll            |     1 |     2 |     5 |     4 ||    12
         Potion            |       |     1 |     2 |     8 ||    11
   Stab: Sleeping          |     9 |     8 |    11 |     7 ||    35
         Distracted        |       |     1 |       |     1 ||     2
 Armour: Skin              |    24 |    37 |   130 |    76 ||   267
  Dodge: Dodged            |    42 |    53 |   119 |    59 ||   273
  Block: Other             |       |       |       |    10 ||    10

Table legend: (Time is in decaauts)
 A = Elapsed time spent in this place.
 B = Non-inter-level travel time spent in this place.
 C = Inter-level travel time spent in this place.
 D = Time resting spent in this place.
 E = Time spent auto-exploring this place.
 F = Levels seen in this place.
 G = Mean time per level.
                   A        B        C        D        E       F      G
               +--------+--------+--------+--------+--------+-----+--------+
         Total |   5726 |   5539 |    187 |    310 |   3815 |  11 |  520.5 |
       Dungeon |   5343 |   5204 |    139 |    210 |   3691 |   9 |  593.7 |
        Temple |    169 |    121 |     48 |    100 |     18 |   1 |  169.0 |
         Sewer |    212 |    212 |      0 |      0 |    106 |   1 |  212.0 |
               +--------+--------+--------+--------+--------+-----+--------+

Top non-repeatable levels by time:
     D:8: 944 daAuts
     D:5: 732 daAuts
     D:7: 720 daAuts
     D:6: 649 daAuts
     D:4: 556 daAuts
     D:2: 531 daAuts
     D:3: 529 daAuts
     D:1: 484 daAuts
   Sewer: 212 daAuts
     D:9: 195 daAuts
  Temple: 169 daAuts
